 Dungeon Crawl Stone Soup version 0.29-a0-380-gf50f0a9fbc (webtiles) character file.

Game seed: 4497745996879266344

5 Antichthon the Shield-Bearer (level 1, -1/14 HPs)
             Began as a Gargoyle Fighter on May 6, 2022.
             Slain by a jackal (2 damage)
             ... on level 1 of the Dungeon.
             The game lasted 00:00:31 (107 turns).

Antichthon the Shield-Bearer (Gargoyle Fighter)      Turns: 107, Time: 00:00:32

Health: -1/14      AC:  9    Str: 19    XL:     1   Next: 80%
Magic:  1/1        EV:  9    Int:  8    God:
Gold:   0          SH:  4    Dex:  9    Spells: 0/0 levels left

rFire   . . .      SeeInvis .   a - +0 flail
rCold   . . .      Faith    .   c - +0 buckler
rNeg    + . .      Spirit   .   b - +0 scale mail
rPois   ∞          Reflect  .   (no helmet)
rElec   +          Harm     .   (no cloak)
rCorr   .          Rampage  .   (no gloves)
Will    .....                   (no boots)
Stlth   ..........              (no amulet)
HPRegen 0.04/turn               (no ring)
MPRegen 0.07/turn               (no ring)

@: no status effects
A: sickness immunity, AC +2, negative energy resistance 1, electricity
resistance, torment resistance 1, petrification resistance
a: no special abilities


You were on level 1 of the Dungeon.
You visited 1 branch of the dungeon, and saw 1 of its levels.

Inventory:

Hand Weapons
 a - a +0 flail (weapon)
Armour
 b - a +0 scale mail (worn)
 c - a +0 buckler (worn)
Potions
 d - a potion of might


   Skills:
 * Level 3.4 Fighting
 * Level 2.0 Maces & Flails
 * Level 3.4 Armour
 * Level 0.1 Dodging
 * Level 3.4 Shields


You couldn't memorise any spells.
You didn't know any spells.
Your spell library was empty.

Dungeon Overview and Level Annotations

Branches:
Dungeon (1/15)

Altars:


Innate Abilities, Weirdness & Mutations

You are immune to sickness and miasma.
Your stone body is resilient. (AC +2)
You are immune to poison.
You resist negative energy. (rN+)
You are resistant to electric shocks. (rElec)
You are resistant to unholy torment.
You are immune to petrification.


Message History

The giant cockroach bites you but does no damage.
You barely miss the giant cockroach.
The giant cockroach is severely wounded.
The jackal barely misses you.
The jackal bites you but does no damage.
The giant cockroach completely misses you.
You barely miss the giant cockroach.
The giant cockroach is heavily wounded.
The jackal bites you. You block the giant cockroach's attack.
The jackal bites you.
The giant cockroach bites you but does no damage.
You hit the giant cockroach but do no damage.
The giant cockroach is heavily wounded.
You block the jackal's attack. You block the giant cockroach's attack.
The jackal closely misses you.
You hit the giant cockroach.
You kill the giant cockroach!
The jackal barely misses you. You block the jackal's attack.
You closely miss the jackal.
The jackal bites you but does no damage.
The jackal barely misses you. x2
The jackal bites you but does no damage.
You barely miss the jackal. The jackal closely misses you.
The jackal bites you but does no damage.
You block the jackal's attack. The jackal closely misses you.
You thump the jackal!
You kill the jackal!
The jackal closely misses you. The jackal bites you.
* * * LOW HITPOINT WARNING * * *
The jackal closely misses you.
You closely miss the jackal.
A ball python comes into view.
The jackal barely misses you.
The jackal bites you but does no damage.
The jackal barely misses you. The jackal bites you.
* * * LOW HITPOINT WARNING * * *
You closely miss the jackal.
The ball python hisses angrily.
The jackal bites you.
You die...

#.#..# #.#..# # .....#
##. ..#.## ..# ♣♣ ###.#
#.# ..♣♣♣ ###.#
####.####..... ....#
##...J.........
###########...#h##.......
................@h.......
...######.......##.......
.#.# #.##(†### .......
.#.# #.###.# .#..... .#.#
... #.# ....S.# .#.# ##..
#.. .. ...# .#.# #..####.
.## ..# ...# #..# .# .#
..# #### #. .


You could see an endoplasm, 2 jackals and a ball python.

Vanquished Creatures
  A ball python (D:1)
  A bat (D:1)
  A giant cockroach (D:1)
  A jackal (D:1)
4 creatures vanquished.

Notes
Turn   | Place    | Note
-------+----------+-------------------------------------------
     0 | D:1      | Antichthon the Gargoyle Fighter began the quest for the
                  | Orb.
     0 | D:1      | Reached XP level 1. HP: 14/14 MP: 1/1
   107 | D:1      | Slain by a jackal

Illustrated notes

Levels and vault maps discovered:
D:1:      wander_arrival_estate, layout_loops_corners,
          dilly_ecumenical_altar_fadedgnrine, hangedman_decor_lopped,
          kennysheep_another_room, minmay_tetromino_o2

Action                   || total
-------------------------++-------
Melee: Flail             ||    26
  Use: Scroll            ||     1
Armor: Scale mail        ||    32
Dodge: Dodged            ||    33
Block: Buckler           ||    14

Table legend: (Time is in decaauts)
 A = Elapsed time spent in this place.
 B = Non-inter-level travel time spent in this place.
 C = Inter-level travel time spent in this place.
 D = Time resting spent in this place.
 E = Time spent auto-exploring this place.
 F = Levels seen in this place.
 G = Mean time per level.
                   A        B        C        D        E       F      G
               +--------+--------+--------+--------+--------+-----+--------+
         Total |    116 |    116 |      0 |      0 |     59 |   1 |  116.0 |
       Dungeon |    116 |    116 |      0 |      0 |     59 |   1 |  116.0 |
               +--------+--------+--------+--------+--------+-----+--------+

Top non-repeatable levels by time:
     D:1: 116 daAuts
